 Dungeon Crawl Stone Soup version 0.31-a0-165-g3f4f80340b (webtiles) character file.

Game seed: 18131212586836732967

118039 qw the Peltast (level 16, -9/101 HPs)
             Began as a Gargoyle Fighter on June 13, 2023.
             Was an Elder of Okawaru.
             Blown up by an orb spider (37 damage)
             ... with an orb of destruction
             ... on level 3 of the Spider Nest.
             The game lasted 00:14:45 (26688 turns).

qw the Peltast (Gargoyle Fighter)                  Turns: 26688, Time: 00:14:45

Health: -9/101     AC: 43    Str: 36    XL:     16   Next: 75%
Magic:  23/23      EV: 17    Int: 13    God:    Okawaru [****..]
Gold:   182        SH: 21    Dex:  9    Spells: 15/15 levels left

rFire   + + +        p - +7 broad axe "Gastrec" {drain, Int+2}
rCold   + . .        b - +0 tower shield
rNeg    + . .        v - +6 chain mail "Nisusubb" {rC+ rCorr Int+3}
rPois   inf          h - +2 helmet
rElec   +            A - scarf "Gumu" {+Inv, rF+++ Str+3 Int-2}
rCorr   +            c - +2 pair of gloves
SInv    .            g - +2 pair of boots
Will    +....        I - amulet of faith Stlth
                     H - +6 ring of strength
HPRegen 0.36/turn    t - +5 ring of evasion
MPRegen 0.18/turn

%: faith
@: heroic, flying
A: sickness immunity, AC +12, big wings, negative energy resistance 1,
electricity resistance, torment resistance 1, petrification resistance
a: Renounce Religion, Evoke Invisibility, Heroism, Finesse


You were on level 3 of the Spider Nest.
You worshipped Okawaru.
Okawaru was greatly pleased with you.
You visited 5 branches of the dungeon, and saw 26 of its levels.
You visited the Abyss 1 time.

You collected 2904 gold pieces.
You spent 2722 gold pieces at shops.


Innate Abilities, Weirdness & Mutations

You are immune to sickness and miasma.
Your stone body is resilient. (AC +12)
You are immune to poison.
Your large and strong wings let you fly.
You resist negative energy. (rN+)
You are resistant to electric shocks. (rElec)
You are resistant to unholy torment.
You are immune to petrification.


   Skills:
 - Level 12.0(17.0) Fighting
 - Level 16.0(21.0) Axes
 - Level 6.6(11.6) Throwing
 - Level 12.0(17.0) Armour
 - Level 3.0(8.0) Dodging
 + Level 16.9(21.9) Shields
 - Level 10.1 Invocations


You had 15 spell levels left.
You didn't know any spells.
Your spell library was empty.

Inventory:

Hand Weapons
 p - the +7 broad axe "Gastrec" (weapon) {drain, Int+2}
   (You acquired it on level 7 of the Dungeon)

   Int:       It affects your intelligence (+2).
 E - a +2 broad axe of flaming
Missiles
 e - 6 boomerangs
 f - 2 silver boomerangs
 C - 4 javelins (quivered)
Armour
 b - a +0 tower shield (worn)
 c - a +2 pair of gloves (worn)
 g - a +2 pair of boots (worn)
 h - a +2 helmet (worn)
 j - +0 fire dragon scales
 m - a +3 plate armour
 v - the +6 chain mail "Nisusubb" (worn) {rC+ rCorr Int+3}
   (You found it on level 15 of the Dungeon)

   Int:       It affects your intelligence (+3).
   rC:        It protects you from cold.
   rCorr:     It protects you from acid and corrosion.
 A - the scarf "Gumu" (worn) {+Inv, rF+++ Str+3 Int-2}
   (Okawaru gifted it to you on level 5 of the Lair of Beasts)

   Str:       It affects your strength (+3).
   Int:       It affects your intelligence (-2).
   rF:        It renders you almost immune to fire.
Jewellery
 o - a ring of protection from cold
 s - a ring of protection from fire
 t - a +5 ring of evasion (right hand)
 u - an amulet of the acrobat
 B - a ring of protection from fire
 H - a +6 ring of strength (left hand)
 I - an amulet of faith (around neck)
Wands
 q - a wand of digging (19)
Scrolls
 a - 11 scrolls of identify
 i - 12 scrolls of teleportation
 r - a scroll of torment {unknown}
 x - 6 scrolls of enchant weapon
Potions
 d - 5 potions of might
 k - 4 potions of haste
 l - 2 potions of mutation
 n - 3 potions of attraction
 w - 4 potions of magic
 z - 5 potions of heal wounds
 D - 2 potions of lignification
 G - 3 potions of curing

Dungeon Overview and Level Annotations

Branches:
Dungeon (15/15)            Temple (1/1) D:5            Lair (5/5) D:9
 Shoals (0/4) Lair:3       Spider (3/4) Lair:3        Slime (0/5) Lair:4
    Orc (2/2) D:9             Elf (0/3) Orc:2        Vaults (0/5) D:13
 Depths (0/4) D:15

Altars:
Ashenzari
Cheibriados
Dithmenos
Elyvilon
Fedhas
Gozag
Hepliaklqana
Kikubaaqudgha
Makhleb
Nemelex Xobeh
Okawaru
Qazlal
Ru
Sif Muna
Trog
Uskayaw
Vehumet
Wu Jian
Xom
Yredelemnul
Zin
The Shining One
Jiyva

Shops:
D:14 [=*   Orc:2 =!?(

Annotations:
D:1 exclusion: 2 worms
D:10 2 runed translucent doors
D:14 1 runed translucent door
Lair:3 exclusion: 2 yaks


Message History

You block the wolf spider's attack. x2
You closely miss the culicivora.
The culicivora is moderately wounded.
You slash the wolf spider! You block the culicivora's attack.
The wolf spider hits you but does no damage.
The wolf spider barely misses you.
You slash the wolf spider! You drain the wolf spider.
The wolf spider is severely wounded.
You barely miss the culicivora. You block the culicivora's attack.
You block the wolf spider's attack. The wolf spider bites you.
You slash the wolf spider! You drain the wolf spider.
You kill the wolf spider!
Okawaru accepts your kill.
You slash the culicivora!
A freezing mist starts to gather...
A wolf spider simulacrum comes into view.
The orb spider pulsates with a strange energy.
The culicivora misses you.
You hit the culicivora but do no damage.
The culicivora is heavily wounded.
You block the culicivora's attack.
You closely miss the culicivora.
The culicivora is heavily wounded.
You block the culicivora's attack.
The orb spider weaves a glowing orb of energy.
An orb of destruction comes into view.
You cut the culicivora into ribbons!!!
You kill the culicivora!
Okawaru accepts your kill.
A freezing mist starts to gather...
A culicivora simulacrum comes into view.
You hit the wolf spider simulacrum.
The wolf spider simulacrum is lightly damaged.
You block the wolf spider simulacrum's attack. x2
You slice the wolf spider simulacrum!!
The wolf spider simulacrum is almost destroyed.
The orb of destruction hits you!!!
You die...

.##.#####
......^..##
.......... ##
.........^ #.#
.........##..##
....s.<.%.....#
.............###
..^..0.........#
.....Z0@.....^##
.......Z.....##
..............#
................
##...#!........#
......#........#
.......#.......#
....#.# .......


You could see an orb spider (soul bound), a wolf spider simulacrum and a
culicivora simulacrum.

Vanquished Creatures
  Jorgrun (D:14)
  Rupert (Lair:3)
  Kirke (Spider:1)
  Aizul (Spider:1)
  Louise (D:14)
  A broodmother (Spider:2)
  Nessos (D:15)
  Azrael (Spider:1)
  2 dire elephants (Lair:5)
  Josephine (Lair:3)
  2 fire dragons
  Harold (D:10)
  An ice dragon (D:15)
  A jorogumo (Spider:3)
  8 hydras
  An ogre mage (D:15)
  4 centaur warriors
  Erica (Orc:1)
  5 two-headed ogres
  4 boulder beetles
  8 death yaks
  2 demonic crawlers
  3 tengu warriors (D:14)
  3 orc high priests (Orc:2)
  Urug (D:13)
  3 spectral death yaks (Lair:5)
  3 skysharks
  7 skeletal warriors
  A spectral anaconda (Lair:5)
  2 pharaoh ants (Spider:3)
  A deep troll (D:13)
  Lodul (D:14)
  3 necromancers (Lair:5)
  A wizard (D:15)
  5 orc knights (Orc:2)
  A steelbarb worm (Spider:2)
  An orange crystal statue (D:10)
  A lindwurm (Lair:2)
  An obsidian statue (Lair:5)
  An ugly thing (D:13)
  3 wolf spiders (Spider:3)
  A manticore (D:12)
  3 cyclopes
  4 orc sorcerers (Orc:2)
  A shining eye (shapeshifter) (D:13)
  24 elephants
  7 black mambas
  A dire elephant zombie (Lair:5)
  A gargoyle (D:9)
  3 torpor snails
  21 cane toads
  Maggie (D:7)
  3 rime drakes
  9 komodo dragons
  A polar bear (Lair:4)
  3 meliai (Spider:1)
  4 tarantellas
  A blink frog (shapeshifter) (D:13)
  11 trolls
  14 blink frogs
  3 spectral elephants (Lair:5)
  8 dream sheep
  4 culicivoras
  9 slime creatures
  A spriggan (shapeshifter) (D:14)
  6 jumping spiders
  3 shadows
  60 yaks
  5 fire elementals (Spider:1)
  8 wraiths
  3 wyverns
  4 hogs (Spider:1)
  2 vampires
  A dire elephant simulacrum (Lair:5)
  5 water elementals (D:15)
  4 basilisks
  Eustachio (D:5)
  15 redbacks
  3 steam dragons
  5 vampire mosquitoes
  An acid dragon (D:12)
  2 spectral cane toads (Lair:5)
  4 wargs
  3 hell hounds (Spider:1)
  17 water moccasins
  15 orc warriors
  3 sky beasts
  11 ogres
  2 black bears (Lair:1)
  An ice beast (D:8)
  17 wolves
  An elephant zombie (Lair:5)
  An elephant skeleton (Lair:5)
  15 centaurs
  2 kobold brigands
  3 phantoms
  A gnoll sergeant (D:7)
  7 bullfrogs
  3 cane toad simulacra
  2 scorpions
  4 wights (D:7)
  A troll zombie (D:9)
  An elephant simulacrum (Lair:5)
  9 killer bees
  7 howler monkeys
  4 lava snakes (D:10)
  4 hounds
  2 jellies (D:6)
  A gnoll bouda (D:6)
  6 orc priests
  A sleepcap (D:7)
  3 iguanas
  Ijyb (D:5)
  19 orc wizards
  A polar bear simulacrum (Lair:1)
  5 ogre zombies (D:9)
  Robin (D:3)
  10 gnolls
  15 adders
  3 shadow imps
  6 worms
  A dart slug (D:1)
  75 orcs
  13 ball pythons
  6 endoplasms
  7 giant cockroaches
  18 goblins
  6 hobgoblins
  17 kobolds
  5 quokkas
  2 bats
  6 frilled lizards
  A goblin skeleton (D:9)
  2 goblin zombies (D:9)
  2 hobgoblin skeletons (D:9)
  2 hobgoblin zombies (D:9)
  2 orc skeletons (D:9)
  10 orc zombies (D:9)
  6 rats
750 creatures vanquished.

Vanquished Creatures (others)
  A tengu conjurer (D:14)
  An orc priest (Orc:2)
  An orc wizard (Orc:2)
3 creatures vanquished.

Grand Total: 753 creatures vanquished

Notes
Turn   | Place    | Note
-------+----------+-------------------------------------------
     0 | D:1      | qw the Gargoyle Fighter began the quest for the Orb.
     0 | D:1      | Reached XP level 1. HP: 14/14 MP: 1/1
     0 | D:1      | 0 ||| qw: Version: 0.2-a-29-gc1b59c4
     0 | D:1      | 0 ||| qw: Game counter: 4669
     0 | D:1      | 0 ||| qw: Always use a shield: true
     0 | D:1      | 0 ||| qw: God list: Okawaru
     0 | D:1      | 0 ||| qw: Allow faded altars: false
     0 | D:1      | 0 ||| qw: Do Orc after D:15 true
     0 | D:1      | 0 ||| qw: Do second Lair branch before Depths: true
     0 | D:1      | 0 ||| qw: Lair rune preference: random
     0 | D:1      | 0 ||| qw: Plans: Normal, Zot:1-4, Slime:5, God:TSO, Crypt,
                  | Tomb, Abyss, Pan, Hells, Win
     0 | D:1      | 0 ||| PLANNING D:1-11
    60 | D:1      | 60 ||| Stepping ~*~*~tactically~*~*~ (stealth).
    83 | D:1      | 83 ||| Stepping ~*~*~tactically~*~*~ (stealth).
   163 | D:1      | Reached XP level 2. HP: 16/19 MP: 2/2
   260 | D:1      | 260 ||| Stepping ~*~*~tactically~*~*~ (hiding).
   261 | D:1      | 261 ||| Stepping ~*~*~tactically~*~*~ (hiding).
   350 | D:1      | 350 ||| Stepping ~*~*~tactically~*~*~ (stealth).
   352 | D:1      | 352 ||| Stepping ~*~*~tactically~*~*~ (stealth).
   381 | D:1      | Reached skill level 3 in Axes
   399 | D:1      | 399 ||| Stepping ~*~*~tactically~*~*~ (hiding).
   402 | D:1      | 402 ||| Stepping ~*~*~tactically~*~*~ (hiding).
   412 | D:1      | Reached XP level 3. HP: 15/23 MP: 3/3
   577 | D:1      | 577 ||| UPGRADING to +1 helmet.
   583 | D:1      | 583 ||| UPGRADING to ring of protection from fire.
   665 | D:1      | You fall into a shaft and drop 1 floor!
   750 | D:2      | Found a shimmering altar of Xom.
   803 | D:2      | 803 ||| READING 6 scrolls labelled HITIORR BYPTOTT.
   804 | D:2      | 804 ||| READING scroll labelled NYEQEO PAGGU.
   805 | D:2      | 805 ||| DRINKING 2 clear potions.
   806 | D:2      | 806 ||| READING 5 scrolls of identify.
   806 | D:2      | 806 ||| IDENTIFYING yellow potion
   807 | D:2      | 807 ||| DROPPING potion of enlightenment.
  1214 | D:2      | 1214 ||| Stepping ~*~*~tactically~*~*~ (hiding).
  1405 | D:2      | 1405 ||| Stepping ~*~*~tactically~*~*~ (stealth).
  1406 | D:2      | 1406 ||| Stepping ~*~*~tactically~*~*~ (stealth).
  1408 | D:2      | 1408 ||| Stepping ~*~*~tactically~*~*~ (stealth).
  1528 | D:2      | Reached XP level 4. HP: 28/28 MP: 4/4
  1735 | D:2      | 1735 ||| UPGRADING to +0 chain mail.
  1745 | D:2      | 1745 ||| DROPPING +0 scale mail.
  1746 | D:2      | 1746 ||| READING scroll labelled JUAHOUXEUBBI.
  1750 | D:2      | 1750 ||| READING scroll labelled AGURPH FEGREEN.
  1751 | D:2      | 1751 ||| READING scroll labelled LYCVUT ASAOGI.
  1752 | D:2      | 1752 ||| READING scroll labelled JIRCHI KERELO.
  1753 | D:2      | 1753 ||| READING scroll labelled ZENEUFI BYCS.
  1809 | D:3      | Found a hide-covered altar of Uskayaw.
  1841 | D:3      | 1841 ||| DROPPING +0 whip.
  2102 | D:3      | 2102 ||| Stepping ~*~*~tactically~*~*~ (stealth).
  2103 | D:3      | 2103 ||| Stepping ~*~*~tactically~*~*~ (stealth).
  2111 | D:3      | 2111 ||| READING scroll of enchant weapon.
  2111 | D:3      | 2111 ||| ENCHANTING +1 war axe.
  2257 | D:3      | Reached XP level 5. HP: 30/32 MP: 5/5
  2293 | D:3      | 2293 ||| READING scroll of enchant armour.
  2293 | D:3      | 2293 ||| ENCHANTING +1 helmet.
  2316 | D:3      | Noticed Robin
  2318 | D:3      | 2318 ||| Stepping ~*~*~tactically~*~*~ (stealth).
  2333 | D:3      | Killed Robin
  2737 | D:3      | 2737 ||| READING scroll labelled ROINEISAUZ.
  2838 | D:3      | 2838 ||| READING scroll labelled ZOSASE MUOKUB.
  2839 | D:3      | 2839 ||| READING scroll labelled ROOTUF BEITRY.
  2840 | D:3      | 2840 ||| DRINKING 2 green potions.
  2841 | D:3      | 2841 ||| READING 6 scrolls of identify.
  2841 | D:3      | 2841 ||| IDENTIFYING viscous dark potion
  2842 | D:3      | 2842 ||| READING 5 scrolls of identify.
  2842 | D:3      | 2842 ||| IDENTIFYING brown potion
  2843 | D:3      | 2843 ||| DROPPING potion of invisibility.
  2844 | D:3      | 2844 ||| DROPPING potion of degeneration.
  2845 | D:3      | 2845 ||| DROPPING potion of brilliance.
  2908 | D:4      | 2908 ||| STAIRDANCE
  2912 | D:4      | 2912 ||| STAIRDANCE
  2916 | D:4      | 2916 ||| STAIRDANCE
  2920 | D:4      | 2920 ||| STAIRDANCE
  2924 | D:4      | 2924 ||| STAIRDANCE
  2928 | D:4      | 2928 ||| STAIRDANCE
  2932 | D:4      | 2932 ||| STAIRDANCE
  2936 | D:4      | 2936 ||| STAIRDANCE
  2940 | D:4      | 2940 ||| STAIRDANCE
  2944 | D:4      | 2944 ||| STAIRDANCE
  2948 | D:4      | 2948 ||| STAIRDANCE
  2952 | D:4      | 2952 ||| STAIRDANCE
  2956 | D:4      | 2956 ||| STAIRDANCE
  2960 | D:4      | 2960 ||| STAIRDANCE
  2964 | D:4      | 2964 ||| STAIRDANCE
  2968 | D:4      | 2968 ||| STAIRDANCE
  2972 | D:4      | 2972 ||| STAIRDANCE
  2976 | D:4      | 2976 ||| STAIRDANCE
  2980 | D:4      | 2980 ||| STAIRDANCE
  2984 | D:4      | 2984 ||| STAIRDANCE
  2995 | D:4      | 2995 ||| FLEEEEING.
  3000 | D:3      | Found a stormy altar of Qazlal.
  3000 | D:3      | Found a burning altar of Makhleb.
  3216 | D:4      | 3216 ||| DROPPING +0 mace.
  3225 | D:4      | 3225 ||| Stepping ~*~*~tactically~*~*~ (stealth).
  3227 | D:4      | 3227 ||| Stepping ~*~*~tactically~*~*~ (stealth).
  3229 | D:4      | 3229 ||| Stepping ~*~*~tactically~*~*~ (stealth).
  3248 | D:4      | Reached XP level 6. HP: 38/38 MP: 6/6
  3249 | D:4      | 3249 ||| DROPPING +0 flail.
  4112 | D:4      | 4112 ||| Stepping ~*~*~tactically~*~*~ (stealth).
  4114 | D:4      | 4114 ||| Stepping ~*~*~tactically~*~*~ (hiding).
  4115 | D:4      | 4115 ||| Stepping ~*~*~tactically~*~*~ (hiding).
  4116 | D:4      | 4116 ||| Stepping ~*~*~tactically~*~*~ (hiding).
  4288 | D:4      | 4288 ||| READING scroll labelled JOBONI HUORA.
  4289 | D:4      | 4289 ||| READING 4 scrolls of identify.
  4289 | D:4      | 4289 ||| IDENTIFYING metallic coppery potion
  4290 | D:4      | 4290 ||| READING 3 scrolls of identify.
  4290 | D:4      | 4290 ||| IDENTIFYING blue potion
  4291 | D:4      | 4291 ||| READING 2 scrolls of identify.
  4291 | D:4      | 4291 ||| IDENTIFYING fuming clear potion
  4325 | D:5      | Entered Level 5 of the Dungeon
  4383 | D:5      | Noticed Ijyb
  4398 | D:5      | Killed Ijyb
  4399 | D:5      | Reached skill level 6 in Axes
  4416 | D:5      | Noticed Eustachio
  4417 | D:5      | 4417 ||| Stepping ~*~*~tactically~*~*~ (stealth).
  4499 | D:5      | Reached skill level 1 in Dodging
  4499 | D:5      | Reached XP level 7. HP: 37/43 MP: 7/7
  4500 | D:5      | Killed Eustachio
  4530 | D:5      | Found a staircase to the Ecumenical Temple.
  4531 | D:5      | 4531 ||| PLANNING TEMPLE
  4537 | Temple   | Entered the Ecumenical Temple
  4740 | Temple   | 4740 ||| PLANNING D:1-11
  4775 | D:5      | Found an iron altar of Okawaru.
  4776 | D:5      | 4776 ||| PLANNING OKAWARU WORSHIP
  4809 | D:5      | Became a worshipper of Warmaster Okawaru
  4809 | D:5      | 4809 ||| PLANNING D:1-11
  5136 | D:5      | Noticed a torpor snail
  5141 | D:5      | Found a snail-covered altar of Cheibriados.
  5141 | D:5      | Noticed a torpor snail
  5142 | D:5      | Noticed a torpor snail
  5198 | D:5      | 5198 ||| Stepping ~*~*~tactically~*~*~ (hiding).
  5207 | D:5      | 5207 ||| FLEEEEING.
  5208 | D:5      | 5208 ||| FLEEEEING.
  5220 | D:5      | 5220 ||| FLEEEEING.
  5221 | D:5      | 5221 ||| FLEEEEING.
  5222 | D:5      | 5222 ||| FLEEEEING.
  5422 | D:6      | 5422 ||| Stepping ~*~*~tactically~*~*~ (hiding).
  5424 | D:6      | 5424 ||| Stepping ~*~*~tactically~*~*~ (hiding).
  5425 | D:6      | 5425 ||| Stepping ~*~*~tactically~*~*~ (hiding).
  5426 | D:6      | 5426 ||| Stepping ~*~*~tactically~*~*~ (hiding).
  5430 | D:6      | 5430 ||| Stepping ~*~*~tactically~*~*~ (hiding).
  5483 | D:6      | 5483 ||| Stepping ~*~*~tactically~*~*~ (hiding).
  5484 | D:6      | 5484 ||| Stepping ~*~*~tactically~*~*~ (hiding).
  5503 | D:6      | Reached XP level 8. HP: 31/49 MP: 8/8
  5519 | D:6      | 5519 ||| Stepping ~*~*~tactically~*~*~ (stealth).
  5520 | D:6      | 5520 ||| Stepping ~*~*~tactically~*~*~ (stealth).
  5521 | D:6      | 5521 ||| Stepping ~*~*~tactically~*~*~ (stealth).
  5529 | D:6      | 5529 ||| Stepping ~*~*~tactically~*~*~ (stealth).
  5589 | D:6      | Reached * piety under Okawaru
  5642 | D:6      | 5642 ||| Stepping ~*~*~tactically~*~*~ (stealth).
  5699 | D:6      | 5699 ||| INVOKING Heroism.
  6126 | D:6      | 6126 ||| INVOKING Heroism.
  6353 | D:6      | 6353 ||| Stepping ~*~*~tactically~*~*~ (stealth).
  6356 | D:6      | 6356 ||| Stepping ~*~*~tactically~*~*~ (hiding).
  6366 | D:6      | Reached skill level 1 in Invocations
  6678 | D:6      | 6678 ||| UPGRADING to +0 plate armour.
  6688 | D:6      | 6688 ||| DROPPING +0 chain mail.
  6689 | D:6      | 6689 ||| READING 2 scrolls of identify.
  6689 | D:6      | 6689 ||| IDENTIFYING black potion
  6777 | D:7      | 6777 ||| SWAPPING to +3 war axe.
  6778 | D:7      | 6778 ||| DROPPING +2 war axe.
  6901 | D:7      | Reached skill level 6 in Fighting
  6901 | D:7      | Reached skill level 3 in Invocations
  6981 | D:7      | 6981 ||| READING scroll of enchant armour.
  6981 | D:7      | 6981 ||| ENCHANTING +0 plate armour.
  7055 | D:7      | Noticed Maggie
  7063 | D:7      | 7063 ||| INVOKING Heroism.
  7070 | D:7      | Killed Maggie
  7070 | D:7      | Reached ** piety under Okawaru
  7071 | D:7      | Reached XP level 9. HP: 20/55 MP: 8/12
  7193 | D:7      | 7193 ||| SWAPPING to +2 broad axe of draining.
  7339 | D:7      | Found a bloodstained altar of Trog.
  7498 | D:7      | 7498 ||| Stepping ~*~*~tactically~*~*~ (hiding).
  7594 | D:7      | 7594 ||| Stepping ~*~*~tactically~*~*~ (water).
  7612 | D:7      | 7612 ||| READING scroll labelled QIAGIL HUQ.
  7612 | D:7      | Identified a scroll of acquirement
  7612 | D:7      | 7612 ||| ACQUIRING +7 broad axe "Gastrec" {drain, Int+2}
  7612 | D:7      | Acquired the +7 broad axe "Gastrec" {drain, Int+2}
  7614 | D:7      | 7614 ||| SWAPPING to +7 broad axe "Gastrec" {drain, Int+2}.
  7681 | D:8      | 7681 ||| Stepping ~*~*~tactically~*~*~ (stealth).
  7692 | D:8      | 7692 ||| INVOKING Heroism.
  7830 | D:8      | 7830 ||| INVOKING Heroism.
  7837 | D:8      | Reached skill level 9 in Axes
  7996 | D:8      | 7996 ||| Stepping ~*~*~tactically~*~*~ (stealth).
  7998 | D:8      | 7998 ||| Stepping ~*~*~tactically~*~*~ (hiding).
  8008 | D:8      | 8008 ||| INVOKING Heroism.
  8057 | D:8      | 8057 ||| Stepping ~*~*~tactically~*~*~ (stealth).
  8058 | D:8      | 8058 ||| Stepping ~*~*~tactically~*~*~ (stealth).
  8068 | D:8      | 8068 ||| Stepping ~*~*~tactically~*~*~ (hiding).
  8070 | D:8      | 8070 ||| Stepping ~*~*~tactically~*~*~ (hiding).
  8378 | D:9      | 8378 ||| INVOKING Heroism.
  8394 | D:9      | 8394 ||| STAIRDANCE
  8471 | D:9      | Reached skill level 6 in Armour
  8471 | D:9      | 8471 ||| FLEEEEING.
  8472 | D:9      | 8472 ||| FLEEEEING.
  8476 | D:9      | 8476 ||| FLEEEEING.
  8477 | D:9      | 8477 ||| FLEEEEING.
  8478 | D:9      | 8478 ||| FLEEEEING.
  8479 | D:9      | 8479 ||| STAIRDANCE
  8558 | D:9      | 8558 ||| Stepping ~*~*~tactically~*~*~ (stealth).
  8558 | D:9      | Found a staircase to the Orcish Mines.
  8560 | D:9      | 8560 ||| Stepping ~*~*~tactically~*~*~ (stealth).
  8561 | D:9      | 8561 ||| Stepping ~*~*~tactically~*~*~ (stealth).
  8566 | D:9      | Reached XP level 10. HP: 63/63 MP: 13/13
  8673 | D:9      | 8673 ||| Stepping ~*~*~tactically~*~*~ (stealth).
  8675 | D:9      | 8675 ||| Stepping ~*~*~tactically~*~*~ (stealth).
  8686 | D:9      | 8686 ||| Stepping ~*~*~tactically~*~*~ (stealth).
  8787 | D:9      | Found a glowing golden altar of the Shining One.
  8808 | D:9      | 8808 ||| READING scroll of enchant armour.
  8808 | D:9      | 8808 ||| ENCHANTING +1 plate armour.
  8811 | D:9      | 8811 ||| Stepping ~*~*~tactically~*~*~ (hiding).
  8812 | D:9      | 8812 ||| Stepping ~*~*~tactically~*~*~ (hiding).
  8815 | D:9      | 8815 ||| INVOKING Heroism.
  8854 | D:9      | 8854 ||| INVOKING Heroism.
  8920 | D:9      | 8920 ||| Stepping ~*~*~tactically~*~*~ (hiding).
  8947 | D:9      | 8947 ||| Stepping ~*~*~tactically~*~*~ (stealth).
  8963 | D:9      | Noticed a gargoyle
  8968 | D:9      | 8968 ||| INVOKING Heroism.
  8970 | D:9      | 8970 ||| DRINKING 2 potions of curing.
  8970 | D:9      | 8970 ||| (to cure confusion)
  8972 | D:9      | Killed a gargoyle
  9240 | D:9      | 9240 ||| READING scroll of acquirement.
  9240 | D:9      | 9240 ||| ACQUIRING +0 kite shield of protection
  9240 | D:9      | Acquired a +0 kite shield of protection
  9242 | D:9      | 9242 ||| UPGRADING to +0 kite shield of protection.
  9252 | D:9      | 9252 ||| DROPPING +0 buckler.
  9327 | D:9      | Found a staircase to the Lair.
  9386 | D:9      | 9386 ||| UPGRADING to +0 pair of gloves.
  9419 | D:9      | 9419 ||| Stepping ~*~*~tactically~*~*~ (hiding).
  9420 | D:9      | 9420 ||| Stepping ~*~*~tactically~*~*~ (hiding).
  9703 | D:9      | 9703 ||| PLANNING LAIR
  9703 | D:9      | 9703 ||| UPGRADING to ring of protection from fire.
  9704 | D:9      | 9704 ||| READING 2 scrolls labelled BIFOVONNOSO.
  9705 | D:9      | 9705 ||| DROPPING scroll of blinking.
  9771 | Lair:1   | Entered Level 1 of the Lair of Beasts
  9778 | Lair:1   | Noticed a cane toad
  9780 | Lair:1   | 9780 ||| INVOKING Heroism.
  9783 | Lair:1   | Killed a cane toad
  9813 | Lair:1   | 9813 ||| INVOKING Heroism.
  9818 | Lair:1   | Reached skill level 6 in Shields
  9831 | Lair:1   | 9831 ||| INVOKING Heroism.
  9923 | Lair:1   | Reached *** piety under Okawaru
  9952 | Lair:1   | Noticed a black mamba
  9953 | Lair:1   | 9953 ||| Stepping ~*~*~tactically~*~*~ (stealth).
  9955 | Lair:1   | 9955 ||| INVOKING Heroism.
  9958 | Lair:1   | Killed a black mamba
  9991 | Lair:1   | Noticed an elephant
  9991 | Lair:1   | Noticed an elephant
  9991 | Lair:1   | Noticed an elephant
  9992 | Lair:1   | Noticed an elephant
  9993 | Lair:1   | Noticed an elephant
  9997 | Lair:1   | Noticed an elephant
 10005 | Lair:1   | Killed an elephant
 10006 | Lair:1   | Reached skill level 9 in Shields
 10006 | Lair:1   | Reached XP level 11. HP: 65/68 MP: 14/14
 10029 | Lair:1   | 10029 ||| INVOKING Heroism.
 10038 | Lair:1   | Reached **** piety under Okawaru
 10092 | Lair:1   | 10092 ||| INVOKING Heroism.
 10120 | Lair:1   | 10120 ||| INVOKING Heroism.
 10141 | Lair:1   | 10141 ||| READING scroll of enchant armour.
 10141 | Lair:1   | 10141 ||| ENCHANTING +0 pair of gloves.
 10181 | Lair:1   | 10181 ||| INVOKING Heroism.
 10233 | Lair:1   | 10233 ||| Stepping ~*~*~tactically~*~*~ (stealth).
 10235 | Lair:1   | 10235 ||| Stepping ~*~*~tactically~*~*~ (stealth).
 10238 | Lair:1   | 10238 ||| INVOKING Heroism.
 10354 | Lair:1   | 10354 ||| Stepping ~*~*~tactically~*~*~ (hiding).
 10538 | Lair:1   | 10538 ||| Stepping ~*~*~tactically~*~*~ (stealth).
 10938 | Lair:1   | 10938 ||| UPGRADING to +5 ring of evasion.
 10992 | Lair:2   | Noticed a boulder beetle
 10993 | Lair:2   | 10993 ||| INVOKING Heroism.
 11003 | Lair:2   | Killed a boulder beetle
 11064 | Lair:2   | 11064 ||| INVOKING Heroism.
 11127 | Lair:2   | 11127 ||| INVOKING Heroism.
 11134 | Lair:2   | Reached skill level 6 in Invocations
 11144 | Lair:2   | Noticed a skyshark
 11154 | Lair:2   | Killed a skyshark
 11155 | Lair:2   | Reached XP level 12. HP: 69/75 MP: 16/16
 11176 | Lair:2   | 11176 ||| INVOKING Heroism.
 11182 | Lair:2   | Reached skill level 9 in Fighting
 11283 | Lair:2   | 11283 ||| Stepping ~*~*~tactically~*~*~ (stealth).
 11372 | Lair:2   | Reached ***** piety under Okawaru
 11463 | Lair:2   | 11463 ||| READING scroll of enchant armour.
 11463 | Lair:2   | 11463 ||| ENCHANTING +1 pair of gloves.
 11629 | Lair:2   | 11629 ||| INVOKING Heroism.
 11737 | Lair:2   | 11737 ||| UPGRADING to +1 pair of boots.
 11742 | Lair:2   | 11742 ||| READING scroll labelled WEOM SUWKIM.
 11774 | Lair:3   | Noticed an eight-headed hydra
 11775 | Lair:3   | 11775 ||| INVOKING Heroism.
 11776 | Lair:3   | 11776 ||| INVOKING Finesse.
 11782 | Lair:3   | 11782 ||| SWAPPING to +0 morningstar.
 11788 | Lair:3   | Killed an eight-headed hydra
 11789 | Lair:3   | 11789 ||| SWAPPING to +7 broad axe "Gastrec" {drain,
                  | Int+2}.
 11842 | Lair:3   | 11842 ||| READING scroll of enchant armour.
 11842 | Lair:3   | 11842 ||| ENCHANTING +1 pair of boots.
 11855 | Lair:3   | 11855 ||| Stepping ~*~*~tactically~*~*~ (stealth).
 11859 | Lair:3   | Noticed a boulder beetle
 11860 | Lair:3   | 11860 ||| INVOKING Heroism.
 11874 | Lair:3   | Killed a boulder beetle
 11875 | Lair:3   | Reached skill level 9 in Invocations
 11876 | Lair:3   | Found a hole to the Spider Nest.
 11914 | Lair:3   | Noticed a five-headed hydra
 11915 | Lair:3   | 11915 ||| INVOKING Heroism.
 11918 | Lair:3   | 11918 ||| SWAPPING to +0 morningstar.
 11919 | Lair:3   | 11919 ||| UPGRADING to +3 war axe.
 11920 | Lair:3   | 11920 ||| SWAPPING to +0 morningstar.
 11921 | Lair:3   | 11921 ||| UPGRADING to +3 war axe.
 11922 | Lair:3   | 11922 ||| SWAPPING to +0 morningstar.
 11923 | Lair:3   | 11923 ||| UPGRADING to +3 war axe.
 11924 | Lair:3   | 11924 ||| SWAPPING to +0 morningstar.
 11925 | Lair:3   | 11925 ||| UPGRADING to +3 war axe.
 11926 | Lair:3   | 11926 ||| SWAPPING to +0 morningstar.
 11927 | Lair:3   | 11927 ||| UPGRADING to +3 war axe.
 11928 | Lair:3   | 11928 ||| SWAPPING to +0 morningstar.
 11929 | Lair:3   | 11929 ||| UPGRADING to +3 war axe.
 11930 | Lair:3   | 11930 ||| SWAPPING to +0 morningstar.
 11931 | Lair:3   | 11931 ||| UPGRADING to +3 war axe.
 11932 | Lair:3   | 11932 ||| SWAPPING to +0 morningstar.
 11933 | Lair:3   | 11933 ||| UPGRADING to +3 war axe.
 11934 | Lair:3   | 11934 ||| SWAPPING to +0 morningstar.
 11935 | Lair:3   | 11935 ||| UPGRADING to +3 war axe.
 11936 | Lair:3   | 11936 ||| SWAPPING to +0 morningstar.
 11937 | Lair:3   | 11937 ||| UPGRADING to +3 war axe.
 11938 | Lair:3   | 11938 ||| SWAPPING to +0 morningstar.
 11939 | Lair:3   | 11939 ||| UPGRADING to +3 war axe.
 11940 | Lair:3   | 11940 ||| SWAPPING to +0 morningstar.
 11941 | Lair:3   | 11941 ||| UPGRADING to +3 war axe.
 11941 | Lair:3   | HP: 11/76 [cane toad (12)]
 11942 | Lair:3   | 11942 ||| READING 8 scrolls of teleportation.
 11942 | Lair:3   | HP: 4/76 [five-headed hydra (7)]
 11943 | Lair:3   | 11943 ||| DRINKING 3 potions of heal wounds.
 11944 | Lair:3   | 11944 ||| DRINKING 2 potions of heal wounds.
 11945 | Lair:3   | 11945 ||| SWAPPING to +7 broad axe "Gastrec" {drain,
                  | Int+2}.
 12043 | Lair:3   | 12043 ||| INVOKING Heroism.
 12097 | Lair:3   | Noticed a death yak
 12098 | Lair:3   | 12098 ||| INVOKING Heroism.
 12099 | Lair:3   | Noticed a death yak
 12100 | Lair:3   | 12100 ||| Stepping ~*~*~tactically~*~*~ (stealth).
 12101 | Lair:3   | 12101 ||| Stepping ~*~*~tactically~*~*~ (stealth).
 12102 | Lair:3   | 12102 ||| Stepping ~*~*~tactically~*~*~ (stealth).
 12104 | Lair:3   | 12104 ||| Stepping ~*~*~tactically~*~*~ (stealth).
 12109 | Lair:3   | Killed a death yak
 12110 | Lair:3   | Reached skill level 12 in Axes
 12116 | Lair:3   | Killed a death yak
 12277 | Lair:3   | Found a staircase to the Shoals.
 12282 | Lair:3   | 12282 ||| INVOKING Heroism.
 12440 | Lair:3   | 12440 ||| INVOKING Heroism.
 12447 | Lair:3   | 12447 ||| SWAPPING to +0 morningstar.
 12456 | Lair:3   | Killed a five-headed hydra
 12457 | Lair:3   | 12457 ||| SWAPPING to +7 broad axe "Gastrec" {drain,
                  | Int+2}.
 12459 | Lair:3   | Reached skill level 9 in Armour
 12508 | Lair:3   | Reached XP level 13. HP: 77/80 MP: 20/20
 12511 | Lair:3   | Received a gift from Okawaru
 12532 | Lair:3   | Noticed Rupert
 12533 | Lair:3   | 12533 ||| INVOKING Heroism.
 12536 | Lair:3   | 12536 ||| DRINKING 2 potions of curing.
 12536 | Lair:3   | 12536 ||| (to cure confusion)
 12542 | Lair:3   | Killed Rupert
 12711 | Lair:3   | 12711 ||| INVOKING Heroism.
 12712 | Lair:3   | Noticed Josephine
 12715 | Lair:3   | 12715 ||| SWAPPING to +0 morningstar.
 12724 | Lair:3   | HP: 20/80 [eight-headed hydra (6)]
 12725 | Lair:3   | 12725 ||| READING 7 scrolls of teleportation.
 12726 | Lair:3   | 12726 ||| DRINKING potion of heal wounds.
 12728 | Lair:3   | 12728 ||| SWAPPING to +7 broad axe "Gastrec" {drain,
                  | Int+2}.
 12859 | Lair:3   | 12859 ||| FLEEEEING.
 12869 | Lair:3   | 12869 ||| STAIRDANCE
 12934 | Lair:3   | 12934 ||| INVOKING Heroism.
 12938 | Lair:3   | 12938 ||| SWAPPING to +0 morningstar.
 12953 | Lair:3   | Received a gift from Okawaru
 12954 | Lair:3   | 12954 ||| SWAPPING to +7 broad axe "Gastrec" {drain,
                  | Int+2}.
 12993 | Lair:3   | 12993 ||| INVOKING Heroism.
 13045 | Lair:3   | 13045 ||| FLEEEEING.
 13046 | Lair:3   | 13046 ||| FLEEEEING.
 13078 | Lair:3   | 13078 ||| FLEEEEING.
 13080 | Lair:3   | 13080 ||| INVOKING Heroism.
 13220 | Lair:3   | Killed Josephine
 13220 | Lair:3   | Received a gift from Okawaru
 13273 | Lair:3   | 13273 ||| READING scroll of enchant armour.
 13273 | Lair:3   | 13273 ||| ENCHANTING +2 plate armour.
 13617 | Lair:4   | 13617 ||| INVOKING Heroism.
 13651 | Lair:4   | 13651 ||| Stepping ~*~*~tactically~*~*~ (stealth).
 13658 | Lair:4   | 13658 ||| INVOKING Heroism.
 13689 | Lair:4   | 13689 ||| INVOKING Heroism.
 13757 | Lair:4   | Found a staircase to the Slime Pits.
 13757 | Lair:4   | Found a viscous altar of Jiyva.
 13868 | Lair:4   | 13868 ||| INVOKING Heroism.
 13872 | Lair:4   | 13872 ||| Stepping ~*~*~tactically~*~*~ (stealth).
 13874 | Lair:4   | 13874 ||| Stepping ~*~*~tactically~*~*~ (stealth).
 13888 | Lair:4   | 13888 ||| Stepping ~*~*~tactically~*~*~ (stealth).
 13972 | Lair:4   | 13972 ||| Stepping ~*~*~tactically~*~*~ (stealth).
 13982 | Lair:4   | 13982 ||| INVOKING Heroism.
 13988 | Lair:4   | 13988 ||| SWAPPING to +0 morningstar.
 13996 | Lair:4   | 13996 ||| SWAPPING to +7 broad axe "Gastrec" {drain,
                  | Int+2}.
 14153 | Lair:4   | 14153 ||| Stepping ~*~*~tactically~*~*~ (stealth).
 14157 | Lair:4   | 14157 ||| Stepping ~*~*~tactically~*~*~ (stealth).
 14229 | Lair:4   | 14229 ||| INVOKING Heroism.
 14352 | Lair:4   | 14352 ||| Stepping ~*~*~tactically~*~*~ (stealth).
 14648 | Lair:4   | 14648 ||| UPGRADING to ring of see invisible.
 14660 | Lair:5   | Entered Level 5 of the Lair of Beasts
 14669 | Lair:5   | Reached skill level 3 in Throwing
 14682 | Lair:5   | 14682 ||| Stepping ~*~*~tactically~*~*~ (stealth).
 14683 | Lair:5   | 14683 ||| INVOKING Heroism.
 14687 | Lair:5   | 14687 ||| Stepping ~*~*~tactically~*~*~ (stealth).
 14699 | Lair:5   | 14699 ||| INVOKING Finesse.
 14704 | Lair:5   | 14704 ||| SWAPPING to +0 morningstar.
 14711 | Lair:5   | 14711 ||| SWAPPING to +7 broad axe "Gastrec" {drain,
                  | Int+2}.
 14730 | Lair:5   | 14730 ||| Stepping ~*~*~tactically~*~*~ (stealth).
 14738 | Lair:5   | 14738 ||| Stepping ~*~*~tactically~*~*~ (stealth).
 14739 | Lair:5   | 14739 ||| Stepping ~*~*~tactically~*~*~ (stealth).
 14755 | Lair:5   | 14755 ||| Stepping ~*~*~tactically~*~*~ (stealth).
 14766 | Lair:5   | Gained mutation: Your large and strong wings let you fly.
                  | [Gargoyle growth]
 14766 | Lair:5   | Reached XP level 14. HP: 88/88 MP: 21/21
 14796 | Lair:5   | 14796 ||| Stepping ~*~*~tactically~*~*~ (stealth).
 14797 | Lair:5   | 14797 ||| Stepping ~*~*~tactically~*~*~ (stealth).
 14799 | Lair:5   | 14799 ||| Stepping ~*~*~tactically~*~*~ (stealth).
 14819 | Lair:5   | 14819 ||| INVOKING Heroism.
 14870 | Lair:5   | 14870 ||| INVOKING Heroism.
 15036 | Lair:5   | 15036 ||| Stepping ~*~*~tactically~*~*~ (stealth).
 15235 | Lair:5   | 15235 ||| Stepping ~*~*~tactically~*~*~ (stealth).
 15237 | Lair:5   | 15237 ||| Stepping ~*~*~tactically~*~*~ (stealth).
 15255 | Lair:5   | Reached skill level 12 in Shields
 15341 | Lair:5   | Received a gift from Okawaru
 15362 | Lair:5   | 15362 ||| INVOKING Heroism.
 15363 | Lair:5   | 15363 ||| INVOKING Finesse.
 15394 | Lair:5   | Received a gift from Okawaru
 15525 | Lair:5   | Reached skill level 15 in Axes
 15649 | Lair:5   | 15649 ||| Stepping ~*~*~tactically~*~*~ (stealth).
 15752 | Lair:5   | Noticed a dire elephant
 15753 | Lair:5   | Noticed a dire elephant
 15838 | Lair:5   | 15838 ||| INVOKING Heroism.
 15839 | Lair:5   | 15839 ||| INVOKING Finesse.
 15905 | Lair:5   | 15905 ||| INVOKING Heroism.
 15906 | Lair:5   | 15906 ||| INVOKING Finesse.
 15988 | Lair:5   | Identified the scarf "Gumu" {+Inv, rF+++ Str+3 Int-2}
                  | (Okawaru gifted it to you on level 5 of the Lair of Beasts)
 15988 | Lair:5   | Received a gift from Okawaru
 15998 | Lair:5   | 15998 ||| Stepping ~*~*~tactically~*~*~ (hiding).
 15999 | Lair:5   | 15999 ||| INVOKING Heroism.
 16013 | Lair:5   | Killed a dire elephant
 16019 | Lair:5   | Killed a dire elephant
 16369 | Lair:5   | Reached XP level 15. HP: 96/96 MP: 22/22
 16379 | Lair:5   | Reached skill level 12 in Fighting
 16451 | Lair:5   | 16451 ||| PLANNING D:1-11
 16451 | Lair:5   | 16451 ||| UPGRADING to scarf "Gumu" {+Inv, rF+++ Str+3
                  | Int-2}.
 16456 | Lair:5   | 16456 ||| DROPPING +2 helmet of intelligence.
 16457 | Lair:5   | 16457 ||| READING scroll labelled QEAMATZENN.
 16458 | Lair:5   | 16458 ||| DRINKING 2 dark potions.
 16567 | D:10     | Entered Level 10 of the Dungeon
 16647 | D:10     | 16647 ||| DRINKING 2 potions of curing.
 16647 | D:10     | 16647 ||| (to cure confusion)
 16648 | D:10     | 16648 ||| INVOKING Heroism.
 16649 | D:10     | 16649 ||| INVOKING Finesse.
 16679 | D:10     | Noticed Harold
 16686 | D:10     | Killed Harold
 16821 | D:10     | Found a white marble altar of Elyvilon.
 16961 | D:10     | Found an ornate altar of the Wu Jian Council.
 17021 | D:10     | 17021 ||| DRINKING potion of curing.
 17021 | D:10     | 17021 ||| (to cure confusion)
 17046 | D:10     | 17046 ||| Stepping ~*~*~tactically~*~*~ (stealth).
 17049 | D:10     | 17049 ||| Stepping ~*~*~tactically~*~*~ (stealth).
 17577 | D:10     | Found a runed translucent door.
 17579 | D:10     | Found a runed translucent door.
 17615 | D:10     | 17615 ||| Stepping ~*~*~tactically~*~*~ (hiding).
 17620 | D:10     | 17620 ||| Stepping ~*~*~tactically~*~*~ (stealth).
 17832 | D:10     | 17832 ||| DRINKING 3 glowing purple potions.
 17958 | D:11     | 17958 ||| Stepping ~*~*~tactically~*~*~ (hiding).
 17967 | D:11     | 17967 ||| Stepping ~*~*~tactically~*~*~ (hiding).
 18145 | D:11     | 18145 ||| Stepping ~*~*~tactically~*~*~ (stealth).
 18154 | D:11     | 18154 ||| Stepping ~*~*~tactically~*~*~ (stealth).
 18168 | D:11     | 18168 ||| Stepping ~*~*~tactically~*~*~ (stealth).
 18200 | D:11     | 18200 ||| Stepping ~*~*~tactically~*~*~ (stealth).
 18201 | D:11     | 18201 ||| Stepping ~*~*~tactically~*~*~ (stealth).
 18325 | D:11     | 18325 ||| INVOKING Heroism.
 18326 | D:11     | 18326 ||| INVOKING Finesse.
 18328 | D:11     | 18328 ||| SWAPPING to +0 morningstar.
 18336 | D:11     | 18336 ||| SWAPPING to +7 broad axe "Gastrec" {drain,
                  | Int+2}.
 18676 | D:11     | 18676 ||| Stepping ~*~*~tactically~*~*~ (stealth).
 18678 | D:11     | 18678 ||| Stepping ~*~*~tactically~*~*~ (hiding).
 18681 | D:11     | 18681 ||| Stepping ~*~*~tactically~*~*~ (hiding).
 18745 | D:11     | 18745 ||| Stepping ~*~*~tactically~*~*~ (stealth).
 18748 | D:11     | 18748 ||| Stepping ~*~*~tactically~*~*~ (stealth).
 18750 | D:11     | 18750 ||| Stepping ~*~*~tactically~*~*~ (hiding).
 18761 | D:11     | 18761 ||| Stepping ~*~*~tactically~*~*~ (hiding).
 18987 | D:11     | Found the +1 robe of Vines {NoPotionHeal Regen++++}
 18993 | D:11     | 18993 ||| Stepping ~*~*~tactically~*~*~ (stealth).
 19090 | D:11     | 19090 ||| PLANNING D
 19153 | D:12     | 19153 ||| INVOKING Heroism.
 19331 | D:12     | 19331 ||| Stepping ~*~*~tactically~*~*~ (hiding).
 19559 | D:12     | 19559 ||| Stepping ~*~*~tactically~*~*~ (hiding).
 19590 | D:12     | 19590 ||| Stepping ~*~*~tactically~*~*~ (hiding).
 19591 | D:12     | 19591 ||| Stepping ~*~*~tactically~*~*~ (hiding).
 19594 | D:12     | 19594 ||| Stepping ~*~*~tactically~*~*~ (hiding).
 19603 | D:12     | Reached skill level 3 in Dodging
 19642 | D:12     | 19642 ||| Stepping ~*~*~tactically~*~*~ (hiding).
 19647 | D:12     | 19647 ||| INVOKING Heroism.
 20316 | D:13     | 20316 ||| Stepping ~*~*~tactically~*~*~ (stealth).
 20317 | D:13     | 20317 ||| INVOKING Heroism.
 20390 | D:13     | Noticed Urug
 20391 | D:13     | 20391 ||| INVOKING Heroism.
 20399 | D:13     | Killed Urug
 20414 | D:13     | 20414 ||| DROPPING +0 morningstar.
 20415 | D:13     | 20415 ||| DROPPING +3 war axe.
 20416 | D:13     | 20416 ||| DROPPING +2 broad axe of draining.
 20417 | D:13     | 20417 ||| DROPPING +2 flail of holy wrath.
 20460 | D:13     | 20460 ||| Stepping ~*~*~tactically~*~*~ (stealth).
 20461 | D:13     | 20461 ||| INVOKING Heroism.
 20490 | D:13     | 20490 ||| Stepping ~*~*~tactically~*~*~ (stealth).
 20501 | D:13     | Found a gate to the Vaults.
 20814 | D:13     | 20814 ||| INVOKING Heroism.
 20819 | D:13     | 20819 ||| SWAPPING to +2 broad axe of flaming.
 20821 | D:13     | Received a gift from Okawaru
 20822 | D:13     | 20822 ||| SWAPPING to +7 broad axe "Gastrec" {drain,
                  | Int+2}.
 21114 | D:13     | 21114 ||| READING 7 scrolls of identify.
 21114 | D:13     | 21114 ||| IDENTIFYING sedimented grey potion
 21115 | D:13     | 21115 ||| DROPPING potion of ambrosia.
 21154 | D:14     | Found Heegackuu's General Store.
 21167 | D:14     | Noticed Louise
 21168 | D:14     | 21168 ||| INVOKING Heroism.
 21181 | Abyss:3  | Cast into level 3 of the Abyss (Louise)
 21190 | D:14     | Escaped the Abyss
 21196 | D:14     | Killed Louise
 21364 | D:14     | 21364 ||| DRINKING potion of curing.
 21364 | D:14     | 21364 ||| (to cure confusion)
 21468 | D:14     | Found Foshepob's Armour Emporium.
 21470 | D:14     | Found Zafuys's Jewellery Boutique.
 21475 | D:14     | Noticed Lodul
 21481 | D:14     | Noticed Jorgrun
 21482 | D:14     | 21482 ||| INVOKING Heroism.
 21487 | D:14     | Killed Lodul
 21495 | D:14     | 21495 ||| INVOKING Heroism.
 21505 | D:14     | Killed Jorgrun
 21516 | D:14     | Received a gift from Okawaru
 21529 | D:14     | Reached skill level 12 in Armour
 21722 | D:14     | 21722 ||| BUYING amulet of the acrobat (390 gold).
 21722 | D:14     | Bought an amulet of the acrobat for 390 gold pieces
 21722 | D:14     | 21722 ||| BUYING ring of positive energy (260 gold).
 21722 | D:14     | Bought a ring of positive energy for 260 gold pieces
 21847 | D:14     | Reached skill level 6 in Throwing
 22036 | D:14     | 22036 ||| INVOKING Heroism.
 22047 | D:14     | Received a gift from Okawaru
 22095 | D:14     | Found a runed translucent door.
 22342 | D:14     | 22342 ||| UPGRADING to +0 tower shield.
 22352 | D:14     | 22352 ||| DROPPING +0 kite shield of protection.
 22353 | D:14     | 22353 ||| UPGRADING to amulet of the acrobat.
 22364 | D:15     | Entered Level 15 of the Dungeon
 22485 | D:15     | 22485 ||| Stepping ~*~*~tactically~*~*~ (hiding).
 22487 | D:15     | 22487 ||| INVOKING Heroism.
 22489 | D:15     | 22489 ||| SWAPPING to +2 broad axe of flaming.
 22496 | D:15     | 22496 ||| SWAPPING to +7 broad axe "Gastrec" {drain,
                  | Int+2}.
 22509 | D:15     | 22509 ||| Stepping ~*~*~tactically~*~*~ (stealth).
 22514 | D:15     | Reached XP level 16. HP: 101/101 MP: 23/23
 22519 | D:15     | Noticed Nessos
 22520 | D:15     | 22520 ||| INVOKING Heroism.
 22521 | D:15     | Paralysed by an ogre mage for 2 turns
 22531 | D:15     | Killed Nessos
 22618 | D:15     | Identified the +1 ring mail of the Iron City of Dis {rC+}
 22619 | D:15     | Identified the +6 chain mail "Nisusubb" {rC+ rCorr Int+3}
 22677 | D:15     | Received a gift from Okawaru
 22987 | D:15     | 22987 ||| Stepping ~*~*~tactically~*~*~ (hiding).
 22991 | D:15     | 22991 ||| INVOKING Heroism.
 23001 | D:15     | 23001 ||| Stepping ~*~*~tactically~*~*~ (stealth).
 23127 | D:15     | Found a staircase to the Depths.
 23148 | D:15     | 23148 ||| PLANNING ORC
 23148 | D:15     | 23148 ||| DROPPING +0 acid dragon scales.
 23149 | D:15     | 23149 ||| UPGRADING to +6 chain mail "Nisusubb" {rC+ rCorr
                  | Int+3}.
 23323 | Orc:1    | Entered Level 1 of the Orcish Mines
 23339 | Orc:1    | 23339 ||| Stepping ~*~*~tactically~*~*~ (stealth).
 23340 | Orc:1    | 23340 ||| Stepping ~*~*~tactically~*~*~ (stealth).
 23341 | Orc:1    | 23341 ||| Stepping ~*~*~tactically~*~*~ (stealth).
 23390 | Orc:1    | 23390 ||| Stepping ~*~*~tactically~*~*~ (stealth).
 23391 | Orc:1    | 23391 ||| Stepping ~*~*~tactically~*~*~ (stealth).
 23393 | Orc:1    | 23393 ||| Stepping ~*~*~tactically~*~*~ (hiding).
 23752 | Orc:2    | Entered Level 2 of the Orcish Mines
 23773 | Orc:2    | 23773 ||| INVOKING Heroism.
 23848 | Orc:2    | 23848 ||| INVOKING Heroism.
 23898 | Orc:2    | Found a staircase to the Elven Halls.
 23993 | Orc:1    | Noticed Erica
 23994 | Orc:1    | 23994 ||| INVOKING Heroism.
 23998 | Orc:1    | Killed Erica
 24352 | Orc:2    | 24352 ||| FLEEEEING.
 24353 | Orc:2    | 24353 ||| FLEEEEING.
 24354 | Orc:2    | 24354 ||| FLEEEEING.
 24355 | Orc:2    | 24355 ||| FLEEEEING.
 24356 | Orc:2    | 24356 ||| FLEEEEING.
 24403 | Orc:2    | 24403 ||| Stepping ~*~*~tactically~*~*~ (hiding).
 24410 | Orc:2    | 24410 ||| INVOKING Heroism.
 24425 | Orc:2    | 24425 ||| Stepping ~*~*~tactically~*~*~ (stealth).
 24460 | Orc:2    | 24460 ||| Stepping ~*~*~tactically~*~*~ (stealth).
 24461 | Orc:2    | 24461 ||| Stepping ~*~*~tactically~*~*~ (stealth).
 24492 | Orc:2    | 24492 ||| INVOKING Heroism.
 24774 | Orc:2    | 24774 ||| Stepping ~*~*~tactically~*~*~ (hiding).
 24775 | Orc:2    | 24775 ||| Stepping ~*~*~tactically~*~*~ (hiding).
 24776 | Orc:2    | 24776 ||| INVOKING Heroism.
 24796 | Orc:2    | Paralysed by an orc sorcerer for 2 turns
 24803 | Orc:2    | Received a gift from Okawaru
 24820 | Orc:2    | HP: 25/101 [ice devil[an orc high priest] (8)]
 24821 | Orc:2    | 24821 ||| READING 12 scrolls of teleportation.
 24822 | Orc:2    | 24822 ||| DRINKING 5 potions of heal wounds.
 24857 | Orc:2    | 24857 ||| INVOKING Heroism.
 25027 | Orc:2    | 25027 ||| Stepping ~*~*~tactically~*~*~ (stealth).
 25033 | Orc:2    | Reached skill level 15 in Shields
 25036 | Orc:2    | 25036 ||| INVOKING Heroism.
 25041 | Orc:2    | 25041 ||| Stepping ~*~*~tactically~*~*~ (hiding).
 25088 | Orc:2    | Found Pofosug's Distillery.
 25088 | Orc:2    | Found Rolas's Jewellery Shoppe.
 25090 | Orc:2    | Found Eplidinory's Antique Weapon Boutique.
 25090 | Orc:2    | Found Ihoenosm's Magic Scroll Shoppe.
 25098 | Orc:2    | 25098 ||| BUYING 2 potions of curing (96 gold).
 25098 | Orc:2    | Bought 2 potions of curing for 96 gold pieces
 25098 | Orc:2    | 25098 ||| BUYING 2 potions of magic (256 gold).
 25098 | Orc:2    | Bought 2 potions of magic for 256 gold pieces
 25098 | Orc:2    | 25098 ||| BUYING potion of attraction (48 gold).
 25098 | Orc:2    | Bought a potion of attraction for 48 gold pieces
 25098 | Orc:2    | 25098 ||| BUYING potion of curing (48 gold).
 25098 | Orc:2    | Bought a potion of curing for 48 gold pieces
 25098 | Orc:2    | 25098 ||| BUYING potion of haste (160 gold).
 25098 | Orc:2    | Bought a potion of haste for 160 gold pieces
 25098 | Orc:2    | 25098 ||| BUYING potion of heal wounds (80 gold).
 25098 | Orc:2    | Bought a potion of heal wounds for 80 gold pieces
 25098 | Orc:2    | 25098 ||| BUYING potion of might (64 gold).
 25098 | Orc:2    | Bought a potion of might for 64 gold pieces
 25100 | Orc:2    | 25100 ||| SHOPLISTING +16 obsidian axe {drain, demonic,
                  | Mesm Drain Fly SInv} (3131 gold, have 1321).
 25101 | Orc:2    | 25101 ||| BUYING scroll of identify (28 gold).
 25101 | Orc:2    | Bought a scroll of identify for 28 gold pieces
 25103 | Orc:2    | 25103 ||| SHOPLISTING +4 ring of slaying (1326 gold, have
                  | 1293).
 25103 | Orc:2    | 25103 ||| BUYING +6 ring of strength (612 gold).
 25103 | Orc:2    | Bought a +6 ring of strength for 612 gold pieces
 25103 | Orc:2    | 25103 ||| BUYING amulet of faith (680 gold).
 25103 | Orc:2    | Bought an amulet of faith for 680 gold pieces
 25161 | Orc:2    | 25161 ||| PLANNING SPIDER:1-3
 25161 | Orc:2    | 25161 ||| UPGRADING to amulet of faith.
 25171 | Orc:2    | 25171 ||| DROPPING ring of willpower.
 25172 | Orc:2    | 25172 ||| DROPPING ring of positive energy.
 25173 | Orc:2    | 25173 ||| UPGRADING to +6 ring of strength.
 25175 | Orc:2    | 25175 ||| DROPPING ring of see invisible.
 25322 | Spider:1 | Entered Level 1 of the Spider Nest
 25362 | Spider:1 | Noticed Azrael
 25363 | Spider:1 | 25363 ||| INVOKING Heroism.
 25369 | Spider:1 | Received a gift from Okawaru
 25384 | Spider:1 | Killed Azrael
 25399 | Spider:1 | 25399 ||| Stepping ~*~*~tactically~*~*~ (stealth).
 25403 | Spider:1 | 25403 ||| INVOKING Heroism.
 25653 | Spider:1 | Noticed Aizul
 25654 | Spider:1 | 25654 ||| INVOKING Heroism.
 25662 | Spider:1 | Killed Aizul
 25962 | Spider:1 | Noticed Kirke
 25963 | Spider:1 | 25963 ||| Stepping ~*~*~tactically~*~*~ (stealth).
 25965 | Spider:1 | 25965 ||| INVOKING Heroism.
 25970 | Spider:1 | Noticed a sphinx
 25979 | Spider:1 | 25979 ||| DRINKING 4 potions of curing.
 25979 | Spider:1 | 25979 ||| (to cure confusion)
 25981 | Spider:1 | 25981 ||| DRINKING 3 potions of curing.
 25981 | Spider:1 | 25981 ||| (to cure confusion)
 25985 | Spider:1 | Killed Kirke
 26165 | Spider:1 | Identified the +2 hand axe of Kafoydwua {heavy, rElec
                  | Str+6}
 26293 | Spider:2 | 26293 ||| Stepping ~*~*~tactically~*~*~ (stealth).
 26330 | Spider:2 | 26330 ||| INVOKING Heroism.
 26528 | Spider:2 | 26528 ||| Stepping ~*~*~tactically~*~*~ (stealth).
 26561 | Spider:2 | 26561 ||| Stepping ~*~*~tactically~*~*~ (stealth).
 26563 | Spider:2 | 26563 ||| INVOKING Heroism.
 26565 | Spider:2 | 26565 ||| Stepping ~*~*~tactically~*~*~ (hiding).
 26653 | Spider:2 | 26653 ||| Stepping ~*~*~tactically~*~*~ (stealth).
 26663 | Spider:2 | You are sucked into a shaft and drop 1 floor!
 26665 | Spider:3 | 26665 ||| INVOKING Heroism.
 26688 | Spider:3 | Blown up by an orb spider

Levels and vault maps discovered:
D:1:      dpeg_arrival_brainrot, layout_basic, minmay_cupped
D:2:      layout_loops_ring, basic_altar, serial_aquarium,
          aquarium_bridge_long_joined [aquarium_subvault_bridge,
          aquarium_subvault_balcony, aquarium_subvault_balcony,
          aquarium_subvault_wall, aquarium_subvault_bridge,
          aquarium_subvault_wall], aquarium_window_1, aquarium_window_fake,
          aquarium_window_3, aquarium_view_2b, aquarium_balcony_3b,
          nrook_loot_triangle
D:3:      layout_loops_ring, nicolae_uskayaw_dance_hall,
          nicolae_overflow_hidden_temple, minmay_snake_closets, uniq_robin
D:4:      layout_layer_cave, uniq_crazy_yiuf_cottage
D:5:      layout_loops_ring, okawaru_trees_1, cheibriados_altar_2,
          minmay_temple_entry_mist, uniq_ijyb, uniq_eustachio
D:6:      layout_loops_cross, serial_co_window_serial, co_window_corner_a,
          co_window_of_opportunity_a, co_window_paths_b, co_window_paths_b,
          co_window_paths_a, co_window_paths_c, co_window_broadway_b,
          co_window_of_opportunity_b, co_window_paths_c, co_window_2corner,
          co_window_unsneaky_path_a, co_window_unsneaky_path_d,
          co_window_4corner_a, glass_columns_b, glass_columns_b,
          glass_columns_c, glass_columns_b, glass_columns_b
D:7:      layout_loops_ring, mainiacjoe_overflow_six_doors_small,
          enter_bailey_3, hangedman_decor_clover_reticule, uniq_maggie
D:8:      layout_basic
D:9:      layout_loops_ring, old_standard_altar, dpeg_oklobed_lair,
          zombieorc1_lemuel
D:10:     lemuel_insect_pit, layout_layer_cave, nzn_wu_jian_contemplation,
          mainiacjoe_overflow_chevrons, disabler_island, uniq_harold
D:11:     layout_stronghold, serial_column_ruins, column_ruins_open_tiny,
          column_ruins_columns_straight, column_ruins_corridor_straight,
          column_ruins_grid_1, column_ruins_corridor_T, column_ruins_grid_4,
          hellmonk_guarded_unrand_vines
D:12:     layout_stronghold, wad_floor_pattern_2
D:13:     layout_gridville, david_vaults_4, uniq_urug
D:14:     gammafunk_mikee_crab_dinner, layout_gridville, serial_shops,
          nicolae_shop_competitors_out_of_business, shop, shop, uniq_louise,
          uniq_lodul, uniq_jorgrun
D:15:     grunt_enter_depths_hoard, layout_basic, hangedman_decor_push,
          due_unseen_surprise, uniq_nessos
Temple:   nicolae_temple_figure_eight
Lair:1:   layout_loops_ring, portal_ice_cave_entry_ice_simulacra,
          grunt_megastairs_4
Lair:2:   layout_loops_ring, nicolae_lair_lindhole
Lair:3:   layout_regular_city, shoals_dummy_entry,
          nicolae_spider_entry_non_spiders, infiniplex_staircase_pool_2,
          uniq_josephine, uniq_rupert
Lair:4:   layout_gridlike, slime_entry_1, lemuel_fruit_tree, grunt_megastairs_5,
          lemuel_fruit_fields
Lair:5:   due_jungle_book, layout_long_grid, grunt_megastairs_3,
          infiniplex_staircase_pool
Spider:1: layout_spider_delve, uniq_aizul, uniq_azrael, uniq_kirke
Spider:2: layout_chambers
Spider:3: nicolae_spider_hilbert_zone_7 [nicolae_spider_hilbert_4_sides_1_open,
          nicolae_spider_hilbert_4_sides_1_open,
          nicolae_spider_hilbert_4_sides_1_open,
          nicolae_spider_hilbert_4_sides_1_open,
          nicolae_spider_hilbert_3_sides_1_open,
          nicolae_spider_hilbert_3_sides_1_open,
          nicolae_spider_hilbert_3_sides_1_open,
          nicolae_spider_hilbert_3_sides_1_open,
          nicolae_spider_hilbert_4_sides_1_open,
          nicolae_spider_hilbert_4_sides_1_open,
          nicolae_spider_hilbert_4_sides_1_open,
          nicolae_spider_hilbert_2_sides_1_open,
          nicolae_spider_hilbert_2_sides_1_open,
          nicolae_spider_hilbert_2_sides_1_open,
          nicolae_spider_hilbert_2_sides_1_open,
          nicolae_spider_hilbert_2_sides_1_open,
          nicolae_spider_hilbert_2_sides_1_open], gammafunk_ghost_grave,
          nicolae_spider_nook, uniq_nikola
Orc:1:    layout_caves, uniq_erica
Orc:2:    grunt_orc_tribal_feast, layout_caves, mines1_david

Skill      XL: |  1  2  3  4  5  6  7  8  9 10 11 12 13 14 15 16 |
---------------+-------------------------------------------------+-----
Axes           | 2 3 4 5 6 7 8 9 10 11 12 13 15 16 | 16.0
Fighting       | 4 5 6 7 8 9 10 11 12 | 12.0
Dodging        | 1 2 3 |  3.0
Invocations    | 4 6 10 | 10.1
Armour         | 4 6 7 9 10 11 12 | 12.0
Throwing       | 2 3 5 6 |  6.6
Shields        | 4 9 10 11 12 13 16 | 16.9

Action                     |  1- 3 |  4- 6 |  7- 9 | 10-12 | 13-15 | 16-18 || total
---------------------------+-------+-------+-------+-------+-------+-------++-------
  Melee: War axe           |   121 |   201 |   229 |       |       |       ||   551
         Broad axe         |       |       |    91 |   313 |   925 |   336 ||  1665
         Morningstar       |       |       |       |    15 |    45 |       ||    60
         Unarmed           |       |       |       |       |    24 |     2 ||    26
  Throw: Boomerang         |       |       |    24 |   100 |    31 |     2 ||   157
         Javelin           |       |       |    17 |    16 |   118 |    90 ||   241
 Invoke: Heroism           |       |       |     7 |    24 |    31 |    17 ||    79
         Finesse           |       |       |       |     1 |     6 |       ||     7
    Use: Scroll            |     3 |    16 |     3 |     8 |     4 |     1 ||    35
         Potion            |     1 |     1 |       |     3 |     7 |     3 ||    15
   Stab: Distracted        |       |     1 |       |       |       |       ||     1
 Armour: Scale mail        |    55 |     1 |       |       |       |       ||    56
         Chain mail        |       |   125 |   104 |       |       |    91 ||   320
         Plate armour      |       |       |   116 |   301 |   541 |     7 ||   965
  Dodge: Dodged            |    55 |    57 |   110 |   151 |   449 |   139 ||   961
  Block: Buckler           |    20 |    28 |    35 |    17 |       |       ||   100
         Kite shield       |       |       |       |   197 |   501 |       ||   698
         Tower shield      |       |       |       |       |    23 |   255 ||   278

Table legend:
 A = Non-vault XP
 B = Vault XP
 C = Vault XP percentage of total XP
 D = Non-vault monster count
 E = Vault monster count
 F = Vault count percentage of total count
                 A         B        C        D         E       F
            +---------+---------+-------+---------+---------+-------
      Total |  115866 |   52762 |  31.3 |     555 |     197 |  26.2
            +---------+---------+-------+---------+---------+-------
        D:1 |      40 |      10 |  20.0 |      24 |       4 |  14.3
        D:2 |      36 |       0 |   0.0 |      13 |       0 |   0.0
        D:3 |      33 |     148 |  81.8 |      17 |      24 |  58.5
        D:4 |     195 |       0 |   0.0 |      18 |       0 |   0.0
        D:5 |     439 |     220 |  33.4 |      14 |       2 |  12.5
        D:6 |     624 |       0 |   0.0 |      26 |       0 |   0.0
        D:7 |     818 |     412 |  33.5 |      14 |       5 |  26.3
        D:8 |    1260 |       0 |   0.0 |      23 |       0 |   0.0
        D:9 |    1949 |     641 |  24.7 |      20 |      28 |  58.3
       D:10 |    1821 |    1710 |  48.4 |      21 |       6 |  22.2
       D:11 |    3748 |    1815 |  32.6 |      23 |       4 |  14.8
       D:12 |    6176 |       0 |   0.0 |      15 |       0 |   0.0
       D:13 |    5200 |    2529 |  32.7 |      15 |       5 |  25.0
       D:14 |    9526 |    4608 |  32.6 |      27 |       9 |  25.0
       D:15 |    6099 |    2809 |  31.5 |      16 |       3 |  15.8
     Lair:1 |    8120 |     926 |  10.2 |      32 |       4 |  11.1
     Lair:2 |    7703 |     630 |   7.6 |      20 |       1 |   4.8
     Lair:3 |   10042 |    4729 |  32.0 |      22 |      15 |  40.5
     Lair:4 |    9405 |    1900 |  16.8 |      36 |       8 |  18.2
     Lair:5 |   25156 |   14044 |  35.8 |      80 |      32 |  28.6
   Spider:1 |    2980 |    5914 |  66.5 |      11 |      15 |  57.7
   Spider:2 |    7424 |       0 |   0.0 |      23 |       0 |   0.0
   Spider:3 |    3339 |    1390 |  29.4 |       7 |       2 |  22.2
      Orc:1 |     552 |     834 |  60.2 |       8 |       1 |  11.1
      Orc:2 |    3181 |    7493 |  70.2 |      30 |      29 |  49.2
            +---------+---------+-------+---------+---------+-------
